 Dungeon Crawl Stone Soup version 0.28.0-53-g5a82cb258f (webtiles) character file.

Game seed: 18337048583659363417

6580 safid the Geomancer (level 11, -8/71 HPs)
             Began as a Gargoyle Earth Elementalist on Sept 2, 2022.
             Was an Initiate of Sif Muna.
             Mangled by a komodo dragon (24 damage)
             ... on level 9 of the Dungeon.
             The game lasted 00:16:37 (13599 turns).

safid the Geomancer (Gargoyle Earth Elementalist)  Turns: 13599, Time: 00:16:38

Health: -8/71      AC: 15    Str: 13    XL:     11   Next: 1%
Magic:  16/23      EV: 16    Int: 31    God:    Sif Muna [......]
Gold:   450        SH:  0    Dex: 13    Spells: 22/26 levels left

rFire   . . .      SeeInvis +   d - +2 short sword (venom)
rCold   . . .      Faith    .   (no shield)
rNeg    + . .      Spirit   .   E - +2 leather armour of the Hart {Dex+3 SInv}
rPois   ∞          Reflect  .   a - +0 helmet
rElec   +          Harm     .   (no cloak)
rCorr   +          Rampage  .   (no gloves)
Will    ++...                   b - +0 pair of boots
Stlth   ++........              l - amulet of the Forsaken Olives {RegenMP Will++ rCorr Int+6}
HPRegen 0.21/turn               A - +4 ring of evasion
MPRegen 0.58/turn               w - +6 ring of intelligence

@: no status effects
A: sickness immunity, AC +8, negative energy resistance 1, electricity
resistance, torment resistance 1, petrification resistance
a: Renounce Religion


You were on level 9 of the Dungeon.
You worshipped Sif Muna.
Sif Muna was noncommittal.
You visited 2 branches of the dungeon, and saw 10 of its levels.
You also visited: Ossuary.

You collected 450 gold pieces.

Inventory:

Hand Weapons
 d - a +2 short sword of venom (weapon)
Missiles
 c - 171 stones
 i - 4 javelins
 D - 8 throwing nets
Armour
 a - a +0 helmet (worn)
 b - a +0 pair of boots (worn)
 E - the +2 leather armour of the Hart (worn) {Dex+3 SInv}
   (You found it on level 7 of the Dungeon)

   Dex:       It affects your dexterity (+3).
   SInv:      It lets you see invisible.
Jewellery
 l - the amulet of the Forsaken Olives (around neck) {RegenMP Will++ rCorr Int+6}
   (You found it on level 3 of the Dungeon)

   [amulet of magic regeneration]

   It increases your rate of magic regeneration.
   Int:       It affects your intelligence (+6).
   rCorr:     It protects you from acid and corrosion.
   Will:      It greatly increases your willpower.
 w - a +6 ring of intelligence (right hand)
 A - a +4 ring of evasion (left hand)
Wands
 x - a wand of iceblast (7)
 z - a wand of paralysis (9)
Scrolls
 f - 3 scrolls of teleportation
 g - a scroll of enchant armour {unknown}
 j - 3 scrolls of fear
 m - a scroll of holy word {unknown}
 p - 5 scrolls of fog
 s - a scroll of noise {unknown}
 v - a scroll of torment {unknown}
 y - a scroll of immolation {unknown}
 B - a scroll of magic mapping {unknown}
 F - 2 scrolls of blinking
Potions
 e - 3 potions of lignification
 h - 2 potions of mutation
 n - 3 potions of flight
 o - a potion of ambrosia {unknown}
 q - a potion of heal wounds {unknown}
 r - 2 potions of curing
 t - a potion of resistance {unknown}
 u - a potion of berserk rage {unknown}
 C - a potion of might {unknown}


   Skills:
 + Level 9.2 Fighting
 + Level 1.2 Armour
 - Level 2.0 Dodging
 - Level 2.1 Stealth
 + Level 8.0 Spellcasting
 + Level 8.5 Conjurations
 - Level 1.0 Transmutations
 - Level 10.0 Earth Magic


You had 22 spell levels left.
You knew the following spells:

 Your Spells              Type           Power      Damage    Failure   Level
a - Sandblast             Erth           100%       2d20      1%          1
b - Stone Arrow           Conj/Erth      100%       3d13      1%          3

Your spell library contained the following spells:

 Spells                   Type           Power      Damage    Failure   Level
 Passwall                 Tmut/Erth      38%        N/A       1%          2
 Conjure Flame            Conj/Fire      38%        6-21      2%          3
 Wereblood                Tmut           18%        N/A       4%          2
 Petrify                  Tmut/Erth      46%        N/A       5%          4
 Sticky Flame             Conj/Fire      38%        2d6       9%          4
 Ignite Poison            Fire/Tmut/Pois 14%        N/A       13%         3
 Summon Hydra             Summ           6%         N/A       100%        7
 Sublimation of Blood     Necr           Unusable   N/A       N/A         2

Dungeon Overview and Level Annotations

Branches:
Dungeon (9/15)             Temple (1/1) D:6            Lair (0/6) D:9
Ossuary (visited)
    Orc: D:9-12

Altars:
Ashenzari
Cheibriados
Dithmenos
Elyvilon
Fedhas
Gozag
Hepliaklqana
Kikubaaqudgha
Makhleb
Nemelex Xobeh
Okawaru
Qazlal
Ru
Sif Muna
Trog
Uskayaw
Wu Jian
Xom
Yredelemnul
Zin
The Shining One
Lugonu

Shops:
D:9 (

Annotations:
D:2 1 runed translucent door, Crazy Yiuf
D:8 1 transporter


Innate Abilities, Weirdness & Mutations

You are immune to sickness and miasma.
Your stone body is resilient. (AC +8)
You are immune to poison.
You resist negative energy. (rN+)
You are resistant to electric shocks. (rElec)
You are resistant to unholy torment.
You are immune to petrification.


Message History

The yak is moderately wounded.
A nearby plant withers and dies.
The yak barely misses you. x2
Unknown command.
You hit the yak.
The yak looks as sick as possible!
The yak is moderately wounded.
The yak gores you.
You puncture the yak!
The yak looks as sick as possible!
The yak is severely wounded.
The yak misses you.
You hit the yak.
The yak looks as sick as possible!
The yak is almost dead.
The yak misses you.
You hit the yak.
You kill the yak!
Sif Muna accepts your kill. The komodo dragon bites you!!
You have reached level 11!
You hit the komodo dragon.
The komodo dragon is poisoned.
The komodo dragon is lightly wounded.
The komodo dragon completely misses you.
You barely miss the komodo dragon.
The komodo dragon is lightly wounded.
The komodo dragon bites you!
* * * LOW HITPOINT WARNING * * *
You barely miss the komodo dragon.
The komodo dragon is moderately wounded.
The komodo dragon bites you.
* * * LOW HITPOINT WARNING * * *
You closely miss the komodo dragon.
The komodo dragon is moderately wounded.
The komodo dragon misses you.
Casting: Sandblast (safe; 1% risk of failure)
Confirm with . or Enter, or press ? or * to list all spells.
Aiming: Stone Arrow (safe; 1% risk of failure)
Press: ? - help, Shift-Dir - straight line, f - komodo dragon
Aim: a komodo dragon (moderately wounded, very poisoned, 84% to hit)
The stone arrow hits the komodo dragon!!
The komodo dragon is almost dead.
The komodo dragon bites you!!
You die...
PPPP.. ...P..# .>.PPP. ....P..## PP......# ##### PPPP.P..#

##.#.##
PPPP....#
####.....#
#l###........#
#.@..........##
####..........#
#
##.##......#####
####...))).....
####).......
#......##..
##..#..####.
##...##.'..##
.##.....#.'.)##


You could see a komodo dragon (poisoned).

Vanquished Creatures
  Pikel (D:5)
  An unseen horror (D:7)
  A hornet (D:8)
  Grinder (D:6)
  Sigmund (D:2)
  3 yaks (D:9)
  Eustachio (D:4)
  Grum (D:9)
  A steam dragon (D:7)
  An acid dragon (D:8)
  2 water moccasins (D:6)
  3 orc warriors
  A sky beast (D:7)
  2 ice beasts
  3 black bears
  2 necrophages
  3 ogres
  2 centaurs (D:8)
  A kobold brigand (D:9)
  2 bullfrogs
  2 gnoll sergeants (D:9)
  4 scorpions (Ossuary)
  9 killer bees
  5 wights (D:8)
  6 centaur zombies
  A jelly (D:6)
  12 hounds
  6 orc priests
  A bullfrog skeleton (D:7)
  A human zombie (Ossuary)
  2 gnoll shamans
  An iguana (D:6)
  Ijyb (D:4)
  7 orc wizards
  5 scorpion zombies (Ossuary)
  A hound zombie (D:5)
  A hound skeleton (D:4)
  3 mummies (Ossuary)
  A howler monkey zombie (D:7)
  21 gnolls
  6 adders
  An ufetubus (D:5)
  A worm (D:2)
  4 dart slugs
  25 orcs
  2 bats (D:2)
  12 endoplasms
  3 giant cockroaches
  6 goblins
  7 hobgoblins
  4 jackals (D:9)
  2 quokkas
  3 ball pythons
  2 frilled lizards
  A gnoll zombie (Ossuary)
  2 goblin zombies (Ossuary)
  2 hobgoblin zombies (Ossuary)
  16 kobolds
  2 kobold zombies (Ossuary)
  2 orc zombies (Ossuary)
  5 rats
231 creatures vanquished.

Vanquished Creatures (others)
  10 plants
10 creatures vanquished.

Grand Total: 241 creatures vanquished

Notes
Turn   | Place    | Note
-------+----------+-------------------------------------------
     0 | D:1      | safid the Gargoyle Earth Elementalist began the quest for
                  | the Orb.
     0 | D:1      | Reached XP level 1. HP: 10/10 MP: 3/3
   628 | D:1      | Reached skill level 1 in Transmutations
   628 | D:1      | Reached XP level 2. HP: 16/16 MP: 5/5
  1240 | D:1      | Reached skill level 1 in Fighting
  1245 | D:1      | Found a faded altar of an unknown god.
  1806 | D:2      | Reached skill level 4 in Earth Magic
  1806 | D:2      | Reached XP level 3. HP: 16/20 MP: 6/6
  1973 | D:2      | Found a glowing golden altar of the Shining One.
  2337 | D:2      | Reached XP level 4. HP: 22/26 MP: 7/7
  2626 | D:2      | Noticed Sigmund
  2632 | D:2      | Killed Sigmund
  2633 | D:2      | Reached skill level 5 in Earth Magic
  2633 | D:2      | Reached XP level 5. HP: 22/32 MP: 8/10
  2633 | D:2      | Reached XP level 6. HP: 25/37 MP: 8/11
  3065 | D:2      | Found a runed translucent door.
  3066 | D:2      | Noticed Crazy Yiuf
  3402 | D:3      | Found a hide-covered altar of Uskayaw.
  3403 | D:3      | Identified the amulet of the Forsaken Olives {RegenMP
                  | Will++ rCorr Int+6}
  3511 | D:3      | Learned a level 3 spell: Stone Arrow
  3867 | D:4      | Reached skill level 1 in Conjurations
  3889 | D:4      | Found a sand-covered staircase.
  3898 | Ossuary  | Entered an ossuary
  3945 | Ossuary  | Reached XP level 7. HP: 17/43 MP: 10/12
  4348 | Ossuary  | Reached skill level 6 in Earth Magic
  5142 | Ossuary  | Reached XP level 8. HP: 31/48 MP: 14/14
  5147 | Ossuary  | Reached skill level 5 in Fighting
  5604 | D:4      | Reached skill level 7 in Earth Magic
  5878 | D:4      | Reached skill level 5 in Spellcasting
  5889 | D:4      | Noticed Ijyb
  5910 | D:4      | Killed Ijyb
  6210 | D:4      | Noticed Eustachio
  6213 | D:4      | Killed Eustachio
  6920 | D:5      | Entered Level 5 of the Dungeon
  7690 | D:5      | Reached XP level 9. HP: 55/55 MP: 17/17
  7758 | D:5      | Noticed Pikel
  7764 | D:5      | Killed Pikel
  7765 | D:5      | Reached skill level 5 in Conjurations
  7765 | D:5      | Reached skill level 8 in Earth Magic
  7788 | D:5      | Found a glowing silver altar of Zin.
  7937 | D:6      | Found an ornate altar of the Wu Jian Council.
  8081 | D:6      | Found a staircase to the Ecumenical Temple.
  8161 | Temple   | Entered the Ecumenical Temple
  8448 | D:6      | Noticed Grinder
  8453 | D:6      | Killed Grinder
  9401 | D:7      | Identified the +2 leather armour of the Hart {Dex+3 SInv}
  9476 | D:7      | Noticed an unseen horror
  9495 | D:7      | Killed an unseen horror
  9496 | D:7      | Reached skill level 9 in Earth Magic
  9884 | D:7      | Reached XP level 10. HP: 60/64 MP: 20/20
 10781 | D:8      | Found a transporter.
 10783 | D:8      | Found a corrupted altar of Lugonu.
 10784 | D:8      | Noticed a red ugly thing
 10785 | D:8      | Noticed a purple ugly thing
 11068 | D:8      | Found a glowing golden altar of the Shining One.
 11189 | D:8      | Noticed a green ugly thing
 12061 | D:9      | Reached skill level 10 in Earth Magic
 12361 | D:9      | Identified the +1 leather armour of Paranoia {Will- Int+6}
 13030 | D:9      | Noticed Grum
 13032 | D:9      | Killed Grum
 13094 | D:9      | Found Guejeell's Weapon Shoppe.
 13138 | D:9      | Found a sacrificial altar of Ru.
 13155 | D:9      | Found an iron altar of Okawaru.
 13162 | D:9      | Found an opulent altar of Gozag.
 13162 | D:9      | Found a shimmering blue altar of Sif Muna.
 13164 | D:9      | Found a hazy altar of Hepliaklqana.
 13165 | D:9      | Found a stormy altar of Qazlal.
 13180 | D:9      | Found a shimmering altar of Xom.
 13190 | D:9      | Became a worshipper of Sif Muna the Loreminder
 13581 | D:9      | Found a staircase to the Lair.
 13590 | D:9      | Reached skill level 1 in Armour
 13595 | D:9      | Reached XP level 11. HP: 34/71 MP: 16/23
 13599 | D:9      | Mangled by a komodo dragon

Illustrated notes

Levels and vault maps discovered:
D:1:      evilmike_arrival_hilbert_curve, layout_basic,
          ebering_ecumenical_altar_box
D:2:      minmay_diamond_boxcup, layout_loops_corners, basic_altar,
          uniq_sigmund, uniq_crazy_yiuf_cottage
D:3:      layout_basic, eat_drink_and_be_merry_uskayaw
D:4:      layout_loops_corners, nicolae_ossuary_entry_ruins,
          chequers_serial_rivers_room_a, uniq_eustachio, uniq_ijyb
D:5:      layout_loops_ring, zin_treasury, small_statue_intersection, uniq_pikel
D:6:      layout_loops_ring, general_overflow_altar,
          minmay_temple_entry_large_hall, columned_hall_lemuel, uniq_grinder
D:7:      layout_basic
D:8:      gammafunk_corrupted_shrine, layout_loops_cross, tso_altar,
          serial_bayou_pond_c
D:9:      layout_cave_pools, minitemple, mainiacjoe_overflow_alcove_4,
          david_lair_shrubbed, serial_gnoll_camp, grums_kennel,
          gnoll_camp_mini_hut, gnoll_camp_medium_02, gnoll_camp_mini_hut,
          gnoll_camp_mini_doghouse, serial_shops, shop
Temple:   eino_wide_crystal_templ

Skill      XL: |  1  2  3  4  5  6  7  8  9 10 |
---------------+-------------------------------+-----
Transmutations | 1 |  1.0
Fighting       | 1 3 4 6 7 9 |  9.2
Earth Magic    | 4 5 6 7 9 10 | 10.0
Dodging        | 2 |  2.0
Spellcasting   | 3 4 5 6 8 |  8.0
Conjurations   | 1 3 4 6 8 |  8.5
Armour         | 1 |  1.2
Stealth        | |  2.1

Action                   |  1- 3 |  4- 6 |  7- 9 | 10-12 || total
-------------------------+-------+-------+-------+-------++-------
Melee: Whip              |     8 |       |       |       ||     8
       Short sword       |    60 |    68 |   373 |   278 ||   779
       Punch             |     2 |     3 |     5 |     4 ||    14
 Cast: Sandblast         |     3 |     4 |    49 |    50 ||   106
       Stone Arrow       |       |       |     6 |    18 ||    24
  Use: Scroll            |       |       |     8 |     1 ||     9
 Stab: Sleeping          |     5 |     5 |     8 |     1 ||    19
       Distracted        |       |       |       |     2 ||     2
Armor: Robe              |    15 |    30 |   129 |       ||   174
       Leather armour    |       |       |    12 |   169 ||   181
Dodge: Dodged            |    37 |    42 |   270 |   442 ||   791
